 Dungeon Crawl Stone Soup version 0.21-a0-142-gdd972a7 (webtiles) character file.

140 Gorglomux the Skirmisher (level 5, -2/48 HPs)
             Began as a Hill Orc Wizard on July 23, 2017.
             Slain by a kobold
             ... wielding a +1 short sword of draining
              (4 damage)
             ... on level 3 of the Dungeon.
             The game lasted 00:07:02 (2923 turns).

Gorglomux the Skirmisher (Hill Orc Wizard)          Turns: 2923, Time: 00:07:02

Health: -2/48      AC:  2    Str: 11    XL:     5   Next: 22%
Magic:  8/8        EV: 11    Int: 23    God:
Gold:   101        SH:  0    Dex:  9    Spells: 3/8 levels left

rFire    . . .     SeeInvis .   a - +0 flail (holy)
rCold    . . .     Gourm    .   (no shield)
rNeg     . . .     Faith    .   s - +0 robe
rPois    .         Spirit   .   q - +0 hat
rElec    .         Reflect  .   (no cloak)
rCorr    .         Harm     .   (no gloves)
MR       .....                  (no boots)
Stlth    +.........             h - amulet of rage
HPRegen  0.16/turn              (no ring)
MPRegen  0.11/turn              (no ring)

@: brilliant, very heavily drained
A: no striking features
a: Evoke Berserk Rage


You were on level 3 of the Dungeon.
You were not hungry.

You visited 1 branch of the dungeon, and saw 3 of its levels.

You collected 101 gold pieces.

Inventory:

Hand Weapons
 a - a +0 flail of holy wrath (weapon)
 b - a +0 blowgun
 y - a +0 war axe
Missiles
 f - 6 exploding tomahawks (quivered)
 w - 18 poisoned needles
Armour
 q - a +0 hat (worn)
 s - a +0 robe (worn)
 A - a +0 buckler
Jewellery
 h - an amulet of rage (around neck)
Scrolls
 e - 2 scrolls of teleportation {unknown}
 i - 2 scrolls of amnesia {unknown}
 l - a scroll of enchant weapon {unknown}
 o - 3 scrolls of identify {unknown}
 p - 3 scrolls of immolation {unknown}
Potions
 m - a potion of heal wounds {unknown}
 r - a potion of brilliance
 v - a potion of degeneration {unknown}
 x - a potion of lignification {unknown}
 Q - 3 potions of curing
Books
 c - a book of Minor Magic

   Spells                             Type                      Level
   a - Magic Dart                     Conjuration                  1
   b - Blink                          Translocation                2
   c - Call Imp                       Summoning                    2
   d - Slow                           Hexes                        2
   e - Conjure Flame                  Conjuration/Fire             3
   f - Mephitic Cloud                 Conjuration/Poison/Air       3
Comestibles
 d - 2 bread rations
 z - 2 chunks of flesh


   Skills:
 + Level 5.5(1.1) Fighting
 + Level 1.0(0.0) Axes
 - Level 1.5(0.0) Dodging
 - Level 1.5(0.0) Stealth
 - Level 2.4(0.0) Spellcasting
 - Level 1.0(0.0) Conjurations
 - Level 1.0(0.0) Summonings
 - Level 0.7(0.0) Translocations


You had 3 spell levels left.
You knew the following spells:

 Your Spells              Type           Power        Failure   Level  Hunger
a - Magic Dart            Conj           ##..         1%          1    ##.....
b - Call Imp              Summ           ##......     3%          2    ###....
d - Blink                 Tloc           N/A          3%          2    ###....


Dungeon Overview and Level Annotations

Branches:
Dungeon (3/15)

Altars:
Kikubaaqudgha
Trog
Xom

Annotations:
D:3 Wingboner's ghost, amateur DsTm


Message History

You barely miss the kobold!
The kobold hits you with a short sword of draining! * * * don'butt die
* * * You feel drained! * * * don't die
* * * The kobold misses you!
You barely miss the kobold!
The kobold hits you with a short sword of draining! * * * don't die
* * * Butt feel drained!
It was a potion of curing!
You feel better!
Q - 3 potions of curing The kobold hits you with a short sword of draining!!! * * * don't die
* * * You feel drained! * * * don't die
* * * It was a potion of brilliance!
You feel clever all of a sudden!
The kobold hits you with a short sword of draining! rip

.# .....##..# .#
K.....'..# .#
......'..# .#
....K.K..# .# #(K# .#
#..# .# ##.## .#
#######).#
.#############..@KK..##
...............#######
#######.#.###### #.#.#
#.#.# #...# ##..# #..#
#.>#


You could see 2 kobolds.

Vanquished Creatures
  An orc priest (D:3)
  3 adders
  An ooze (D:3)
  A leopard gecko (D:2)
  5 orcs
  7 bats
  3 bat skeletons (D:2)
  2 bat zombies (D:2)
  A giant cockroach (D:2)
  7 goblins
  9 hobgoblins
  A jackal (D:2)
  12 kobolds
  A quokka (D:2)
  2 ball pythons (D:3)
  A frilled lizard (D:1)
  9 rats
66 creatures vanquished.

Vanquished Creatures (collateral kills)
  An adder (D:2)
  3 orcs (D:3)
  3 jackals (D:2)
  A kobold (D:3)
  2 quokkas
10 creatures vanquished.

Vanquished Creatures (others)
  7 toadstools (D:3)
7 creatures vanquished.

Grand Total: 83 creatures vanquished

Notes
Turn   | Place    | Note
-------+----------+-------------------------------------------
     0 | D:1      | Gorglomux the Hill Orc Wizard began the quest for the Orb.
     0 | D:1      | Reached XP level 1. HP: 14/14 MP: 3/3
    76 | D:1      | Reached skill level 1 in Fighting
   229 | D:1      | Reached XP level 2. HP: 24/24 MP: 1/5
   280 | D:1      | Reached skill level 2 in Fighting
   829 | D:1      | Reached skill level 3 in Fighting
   892 | D:1      | Learned a level 2 spell: Call Imp
   896 | D:2      | Reached XP level 3. HP: 31/31 MP: 6/6
   962 | D:2      | Found a bloodstained altar of Trog.
  1352 | D:2      | Found a shimmering altar of Xom.
  1398 | D:2      | Reached skill level 4 in Fighting
  1438 | D:2      | Found an ancient bone altar of Kikubaaqudgha.
  1551 | D:2      | Learned a level 2 spell: Blink
  1554 | D:2      | Reached XP level 4. HP: 34/40 MP: 3/7
  1827 | D:3      | Noticed Wingboner's ghost (amateur DsTm)
  2334 | D:3      | Reached skill level 5 in Fighting
  2341 | D:3      | Reached XP level 5. HP: 29/48 MP: 3/8
  2505 | D:3      | Reached skill level 1 in Axes
  2921 | D:3      | HP: 1/48 [kobold/short sword of draining (2)]
  2923 | D:3      | Slain by a kobold

Vault maps used:
D:1:      denvon_arrival_waterhouse
D:2:      bloody_trog, lemuel_crystal_altar, kennysheep_vampire_church,
          serial_bayou, serial_bayou_pond_e, serial_bayou_lagoon_a,
          serial_bayou_pond_e, serial_bayou_shore_a
D:3:      cheibrodos_fertilizer, nicolae_overflow_hidden_temple,
          gammafunk_temple_overflow_elements

Skill      XL: |  1  2  3  4  5 |
---------------+----------------+-----
Fighting       | 1 3 4 5 |  5.5
Axes           | 1 |  1.0
Dodging        | |  1.5
Stealth        | |  1.5
Spellcasting   | |  2.4
Conjurations   | |  1.0
Summonings     | |  1.0
Translocations | |  0.7

Action                   |  1- 3 |  4- 6 || total
-------------------------+-------+-------++-------
Melee: Dagger            |    86 |    50 ||   136
       Unarmed           |     3 |       ||     3
       Flail             |       |    80 ||    80
 Fire: Blowgun           |       |     6 ||     6
 Cast: Magic Dart        |    55 |     9 ||    64
       Call Imp          |     2 |     8 ||    10
       Blink             |     1 |       ||     1
  Use: Potion            |       |     2 ||     2
  Eat: Chunk             |     2 |     6 ||     8
Armor: Robe              |    29 |    22 ||    51
Dodge: Dodged            |    81 |    85 ||   166
